 Dungeon Crawl Stone Soup version 0.25.1-2-g60ff931df9 (webtiles) character file.

Game seed: 5549878372574318669

114 Erymatos the Chopper (level 4, -1/41 HPs)
             Began as a Minotaur Berserker on Nov 12, 2020.
             Was a Believer of Trog.
             Slain by a gnoll
             ... wielding a +0 spear
              (9 damage)
             ... on level 2 of the Dungeon.
             The game lasted 00:01:21 (1634 turns).

Erymatos the Chopper (Minotaur Berserker)           Turns: 1634, Time: 00:01:22

Health: -1/41      AC:  4    Str: 23    XL:     4   Next: 67%
Magic:  3/3        EV: 12    Int:  4    God:    Trog [**....]
Gold:   84         SH:  0    Dex:  9    Spells: 3/3 levels left

rFire    . . .     SeeInvis .   a - +0 hand axe
rCold    . . .     Gourm    .   (no shield)
rNeg     . . .     Faith    .   b - +0 animal skin
rPois    .         Spirit   .   (helmet restricted)
rElec    .         Reflect  .   h - +1 cloak
rCorr    .         Harm     .   (no gloves)
MR       ++...                  (no boots)
Stlth    +.........             (no amulet)
HPRegen  1.13/turn              (no ring)
MPRegen  0.08/turn              (no ring)

@: berserk cooldown, regenerating, slowed, very slow
A: retaliatory headbutt, horns 2
a: Berserk, Trog's Hand, Renounce Religion


You were on level 2 of the Dungeon.
You worshipped Trog.
Trog was pleased with you.
You were near starving.

You visited 1 branch of the dungeon, and saw 2 of its levels.

You collected 84 gold pieces.

Inventory:

Hand Weapons
 a - a +0 hand axe (weapon)
Armour
 b - a +0 animal skin (worn)
 h - a +1 cloak (worn)
Wands
 m - a wand of enslavement (4)
Scrolls
 d - a scroll of identify {unknown}
 e - a scroll of teleportation {unknown}
 l - 2 scrolls of enchant weapon {unknown}
 n - a scroll of immolation {unknown}
 o - a scroll of remove curse {unknown}
Potions
 g - a potion of brilliance {unknown}
 i - a potion of ambrosia {unknown}
 j - a potion of heal wounds {unknown}
 k - a potion of might {unknown}
Comestibles
 c - 2 rations
 f - 7 chunks of flesh


   Skills:
 + Level 4.6 Fighting
 + Level 5.2 Axes
 + Level 2.8 Armour
 + Level 2.8 Dodging
 + Level 0.6 Stealth


You had 3 spell levels left.
You didn't know any spells.
Your spell library was empty.

Dungeon Overview and Level Annotations

Branches:
Dungeon (2/15)

Altars:
Uskayaw


Innate Abilities, Weirdness & Mutations

You reflexively headbutt those who attack you in melee.
You have a pair of horns on your head.


Message History

Unknown command.
You hit the gnoll.
The gnoll is heavily wounded.
The gnoll barely misses you. The gnoll closely misses you. The gnoll hits you.
* * * LOW HITPOINT WARNING * * *
Unknown command.
You hit the gnoll but do no damage. You headbutt the gnoll!
You kill the gnoll!
Trog accepts your kill.
Unknown command.
Your skin crawls.
You feel resistant to hostile enchantments.
You are near starving!
The gnoll hits you from afar with a +0 spear.
* * * LOW HITPOINT WARNING * * *
The gnoll barely misses you.
A frilled lizard comes into view.
The frilled lizard hisses angrily.
The gnoll hits you with a +0 spear!
You die...

#....### .....
#......# .####
#.####.# ###.####.#
#........## # ##
##.######.## #.# #.
#...l.##.## #.# #.
#.## ###.#####.###.
#.@###[##.......##.
#..g##..........##.
#.##g######).....).
#.###†.............
#..g....#........#.
#####..##........#.
#...##........#.
#........######.
#.######.# #.


You could see 2 gnolls.

Vanquished Creatures
  A crimson imp (D:2)
  A gnoll (D:2)
  An adder (D:2)
  A worm (D:2)
  2 dart slugs (D:1)
  A leopard gecko (D:1)
  4 ball pythons
  2 giant cockroaches (D:1)
  7 goblins
  8 hobgoblins
  8 jackals
  A quokka (D:2)
  3 bats
  A frilled lizard (D:1)
  5 kobolds
  3 rats
49 creatures vanquished.

Notes
Turn   | Place    | Note
-------+----------+-------------------------------------------
     0 | D:1      | Erymatos the Minotaur Berserker began the quest for the
                  | Orb.
     0 | D:1      | Reached XP level 1. HP: 19/19 MP: 0/0
   179 | D:1      | Reached XP level 2. HP: 15/27 MP: 1/1
   438 | D:1      | Reached skill level 4 in Axes
   827 | D:1      | Reached XP level 3. HP: 27/33 MP: 2/2
  1388 | D:2      | Reached ** piety under Trog
  1497 | D:2      | Reached XP level 4. HP: 38/41 MP: 3/3
  1504 | D:2      | Reached skill level 5 in Axes
  1575 | D:2      | Noticed a +0 hand axe
  1576 | D:2      | Noticed a +0 hand axe
  1579 | D:2      | Found a hide-covered altar of Uskayaw.
  1627 | D:2      | HP: 2/41 [gnoll (4)]
  1634 | D:2      | Slain by a gnoll

Illustrated notes

Levels and vault maps discovered:
D:1:      ncdulo_wetmaze, layout_basic
D:2:      layout_loops_ring, dancing_weapons_uskayaw, minmay_cut_off

Skill      XL: |  1  2  3  4 |
---------------+-------------+-----
Axes           | 4 5 |  5.2
Fighting       | 4 |  4.6
Armour         | |  2.8
Dodging        | |  2.8
Stealth        | |  0.6

Action                   |  1- 3 |  4- 6 || total
-------------------------+-------+-------++-------
Melee: Hand axe          |    95 |    11 ||   106
       Headbutt          |    13 |     3 ||    16
Invok: Berserk           |       |     1 ||     1
       Trog's Hand       |       |     1 ||     1
 Stab: Sleeping          |     1 |       ||     1
  Eat: Chunk             |     2 |       ||     2
Armor: Animal skin       |    15 |     4 ||    19
Dodge: Dodged            |    50 |    13 ||    63
